 Dungeon Crawl Stone Soup version 0.27-a0-1065-ge809cff (webtiles) character file.

Game seed: 4084532716747680757

64 Nithhogg the Skirmisher (level 3, -1/29 HPs)
             Began as a Demonspawn Fighter on Apr 22, 2021.
             Slain by a gnoll
             ... wielding a +0 halberd
              (7 damage)
             ... on level 2 of the Dungeon.
             The game lasted 00:01:11 (1149 turns).

Nithhogg the Skirmisher (Demonspawn Fighter)        Turns: 1149, Time: 00:01:12

Health: -1/29      AC:  8    Str: 17    XL:     3   Next: 91%
Magic:  4/4        EV:  6    Int:  9    God:
Gold:   24         SH:  8    Dex: 12    Spells: 2/2 levels left

rFire    . . .     SeeInvis .   a - +0 war axe
rCold    . . .     Faith    .   c - +0 kite shield
rNeg     . . .     Spirit   .   b - +0 scale mail
rPois    .         Reflect  .   (helmet restricted)
rElec    .         Harm     .   (no cloak)
rCorr    .         Rampage  .   (no gloves)
Will     .....                  (no boots)
Stlth    ..........             (no amulet)
HPRegen  0.09/turn              (no ring)
MPRegen  0.09/turn              (no ring)

@: mighty
A: horns 1, yellow scales 1
a: no special abilities


You were on level 2 of the Dungeon.
You visited 1 branch of the dungeon, and saw 2 of its levels.

You collected 24 gold pieces.

Inventory:

Hand Weapons
 a - a +0 war axe (weapon)
Armour
 b - a +0 scale mail (worn)
 c - a +0 kite shield (worn)
Scrolls
 g - 2 scrolls of identify {unknown}
Potions
 d - 2 potions of might
 e - 2 potions of curing {unknown}
 f - a potion of attraction {unknown}
 h - 2 potions of berserk rage {unknown}
 i - a potion of magic {unknown}


   Skills:
 + Level 3.5 Fighting
 + Level 2.4 Axes
 + Level 3.1 Armour
 - Level 2.6 Shields
 + Level 2.2 Invocations


You had 2 spell levels left.
You didn't know any spells.
Your spell library contained the following spells:

 Spells                   Type           Power      Damage    Failure   Level
 Corona                   Hex            0%         N/A       100%        1
 Ensorcelled Hibernation  Hex/Ice        0%         N/A       100%        2
 Confusing Touch          Hex            0%         N/A       100%        3
 Dazzling Flash           Conj/Hex       0%         N/A       100%        3
 Tukima's Dance           Hex            0%         N/A       100%        3


Dungeon Overview and Level Annotations

Branches:
Dungeon (2/15)

Altars:


Innate Abilities, Weirdness & Mutations

You have a pair of small horns on your head.
You are partially covered in yellow scales. (AC +2)


Message History

You miss the frilled lizard.
The giant cockroach bites you but does no damage.
The frilled lizard bites you but does no damage.
The gnoll barely misses you. The giant cockroach closely misses you.
You slash the gnoll!
You kill the gnoll!
You closely miss the frilled lizard. You barely miss the giant cockroach.
You block the frilled lizard's attack. You block the giant cockroach's attack.
The frilled lizard bites you but does no damage.
The gnoll barely misses you.
The giant cockroach bites you but does no damage.
The gnoll hits you from afar with a +0 halberd!
* * * LOW HITPOINT WARNING * * *
You are too injured to fight recklessly!
You are too injured to fight recklessly!
You are too injured to fight recklessly!
You are too injured to fight recklessly!
You are too injured to fight recklessly!
You are too injured to fight recklessly!
You are too injured to fight recklessly!
You are too injured to fight recklessly!
You are too injured to fight recklessly!
You are too injured to fight recklessly!
You are too injured to fight recklessly!
You are too injured to fight recklessly!
You hit the frilled lizard.
You kill the frilled lizard!
The gnoll hits you but does no damage.
You feel very mighty all of a sudden.
The gnoll hits you from afar with a +0 halberd.
* * * LOW HITPOINT WARNING * * *
The gnoll closely misses you.
You slash the gnoll! Your headbutt misses the gnoll.
The gnoll is severely wounded.
The gnoll hits you but does no damage. x2; The gnoll barely misses you.
You closely miss the gnoll.
The gnoll is severely wounded.
The gnoll closely misses you. You block the gnoll's attack. x2
The gnoll hits you from afar with a +0 halberd!
You die...

########
#......#
#†####.# #
######)# #.#
# #......#
#.#
######.######
#@# .......#
#g# #####..#
#g# # #†.#
#....)B...# #
#..#
#.####.##.# #
#### #.. .. #
#.. ... .
.... .# #
.... #


You could see 2 gnolls and a giant cockroach.

Vanquished Creatures
  2 gnolls (D:2)
  An adder (D:2)
  A ball python (D:1)
  An endoplasm (D:1)
  3 goblins
  4 hobgoblins (D:1)
  8 jackals (D:1)
  2 kobolds (D:1)
  3 quokkas
  4 bats (D:1)
  2 frilled lizards (D:2)
31 creatures vanquished.

Notes
Turn   | Place    | Note
-------+----------+-------------------------------------------
     0 | D:1      | Nithhogg the Demonspawn Fighter began the quest for the
                  | Orb.
     0 | D:1      | Reached XP level 1. HP: 18/18 MP: 1/1
   156 | D:1      | Reached skill level 1 in Invocations
   156 | D:1      | Gained mutation: You are partially covered in yellow
                  | scales. (AC +2) [demonic ancestry]
   156 | D:1      | Reached XP level 2. HP: 20/24 MP: 2/2
   935 | D:1      | Gained mutation: You have a pair of small horns on your
                  | head. [demonic ancestry]
   935 | D:1      | Reached XP level 3. HP: 27/29 MP: 4/4
  1149 | D:2      | Slain by a gnoll

Illustrated notes

Levels and vault maps discovered:
D:1:      dpeg_arrival_round_b, layout_basic, serial_park_tiny_2,
          chequers_mini_garden
D:2:      layout_loops_ring, ebering_ecumenical_altar_box, basic_altar,
          minmay_strange_pillars, kennysheep_nondescript

Skill      XL: |  1  2  3 |
---------------+----------+-----
Axes           | 2 |  2.4
Invocations    | 1 2 |  2.2
Armour         | 3 |  3.1
Fighting       | |  3.5
Shields        | |  2.6

Action                   || total
-------------------------++-------
Melee: War axe           ||   112
       Headbutt          ||     1
  Use: Potion            ||     1
Armor: Scale mail        ||    95
Dodge: Dodged            ||    41
Block: Kite shield       ||    77

Table legend: (Time is in decaauts)
 A = Elapsed time spent in this place.
 B = Non-inter-level travel time spent in this place.
 C = Inter-level travel time spent in this place.
 D = Time resting spent in this place.
 E = Time spent auto-exploring this place.
 F = Levels seen in this place.
 G = Mean time per level.
                   A        B        C        D        E       F      G
               +--------+--------+--------+--------+--------+-----+--------+
         Total |   1220 |   1203 |     17 |      0 |    931 |   2 |  610.0 |
       Dungeon |   1220 |   1203 |     17 |      0 |    931 |   2 |  610.0 |
               +--------+--------+--------+--------+--------+-----+--------+

Top non-repeatable levels by time:
     D:1: 1137 daAuts
     D:2: 83 daAuts
